 Dungeon Crawl Stone Soup version 0.29.1-1-gd02db6906a (webtiles) character file.

Game seed: 18261161666256994223

42 xian the Trooper (level 3, -6/34 HPs)
             Began as a Minotaur Abyssal Knight on Oct 19, 2022.
             Was a Priest of Lugonu.
             Killed from afar by Sigmund (9 damage)
             ... with a magic dart
             ... on level 2 of the Dungeon.
             The game lasted 00:02:22 (1059 turns).

xian the Trooper (Minotaur Abyssal Knight)          Turns: 1059, Time: 00:02:23

Health: -6/34      AC:  3    Str: 19    XL:     3   Next: 33%
Magic:  2/3        EV: 11    Int:  7    God:    Lugonu [***...]
Gold:   39         SH:  0    Dex: 10    Spells: 2/2 levels left

rFire   . . .      SeeInvis .   a - +1 mace
rCold   . . .      Faith    .   (no shield)
rNeg    . . .      Spirit   .   b - +0 leather armour
rPois   .          Reflect  .   (helmet restricted)
rElec   .          Harm     .   (no cloak)
rCorr   .          Rampage  .   (no gloves)
Will    .....                   (no boots)
Stlth   +.........              (no amulet)
HPRegen 0.11/turn               (no ring)
MPRegen 0.08/turn               (no ring)

@: flying
A: horns 2, retaliatory headbutt
a: Renounce Religion, Depart the Abyss, Bend Space, Banish


You were on level 2 of the Dungeon.
You worshipped Lugonu.
Lugonu was most pleased with you.
You visited 1 branch of the dungeon, and saw 2 of its levels.
You visited the Abyss 1 time.

You collected 39 gold pieces.

Inventory:

Hand Weapons
 a - a +1 mace (weapon)
Armour
 b - a +0 leather armour (worn)
Scrolls
 c - a scroll of teleportation {unknown}
 e - a scroll of immolation {unknown}
 g - a scroll of identify {unknown}
 h - a scroll of vulnerability {unknown}
 i - a scroll of fear {unknown}
 j - a scroll of fog {unknown}


   Skills:
 + Level 4.5 Fighting
 + Level 3.1 Maces & Flails
 + Level 2.7 Armour
 + Level 1.6 Dodging
 + Level 1.8 Invocations


You had 2 spell levels left.
You didn't know any spells.
Your spell library contained the following spells:

 Spells                   Type           Power      Damage    Failure   Level
 Ensorcelled Hibernation  Hex/Ice        0%         N/A       63%         2
 Passwall                 Tmut/Erth      0%         N/A       63%         2
 Spider Form              Tmut/Pois      0%         N/A       86%         3
 Anguish                  Hex/Necr       0%         N/A       99%         4
 Animate Dead             Necr           0%         N/A       99%         4
 Simulacrum               Ice/Necr       0%         N/A       100%        6
 Necromutation            Tmut/Necr      0%         N/A       100%        8


Dungeon Overview and Level Annotations

Branches:
Dungeon (2/15)

Altars:

Annotations:
D:2 Sigmund


Innate Abilities, Weirdness & Mutations

You have a pair of horns on your head.
You reflexively headbutt those who attack you in melee.


Message History

Sigmund completely misses you.
You closely miss Sigmund.
Sigmund is moderately wounded.
Sigmund hits you with a +0 scythe.
You closely miss Sigmund.
Sigmund is moderately wounded.
You barely miss Sigmund.
Sigmund is moderately wounded.
Sigmund points at you and mumbles some strange words.
You resist with significant effort. Sigmund hits you with a +0 scythe.
You hit Sigmund.
Sigmund is heavily wounded.
Unknown command.
It was a potion of flight.
You feel very buoyant.
You fly up into the air.
Sigmund closely misses you.
Unknown command.
You completely miss Sigmund.
Sigmund is heavily wounded.
Sigmund hits you with a +0 scythe.
* * * LOW HITPOINT WARNING * * *
You barely miss Sigmund.
Sigmund is heavily wounded.
Sigmund screams, "Die, monster!"
Sigmund closely misses you. You furiously retaliate!
You headbutt Sigmund. You hit Sigmund. Your headbutt misses Sigmund.
Sigmund is heavily wounded.
Sigmund hits you with a +0 scythe.
* * * LOW HITPOINT WARNING * * *
Unknown command.
Space bends violently around you!
You blink.
Sigmund casts a spell at you. You resist with significant effort.
You aren't carrying any items that you can evoke.
Unknown command.
Okay, then.
Sigmund is suddenly surrounded by pale red light.
Sigmund points at you and mumbles some strange words.
The magic dart hits you!
You die...

## #.. . # .. ..#
.# #. .##.##.# #
#.# .#.#.# .##
#.#########...#
... #.......@...#
#. #.#
##.########.# .#
#.#
#.###.#########.#
.# #.#
#.#.###.@...@..#
.# #.# #..##
#.########
.###.####.## #.
.#.....##.# #.
.#.....##.#####.#
..>.............#
..†....##########
.......# ########


You could see Sigmund.

Vanquished Creatures
  A worm (D:2)
  A dart slug (D:1)
  An endoplasm (D:1)
  A giant cockroach (D:1)
  A goblin (D:1)
  4 hobgoblins (D:1)
  6 jackals (D:1)
  2 kobolds (D:1)
  4 quokkas (D:1)
  2 ball pythons
  2 bats (D:1)
  3 frilled lizards (D:1)
  5 rats
33 creatures vanquished.

Notes
Turn   | Place    | Note
-------+----------+-------------------------------------------
     0 | Abyss:1  | xian the Minotaur Abyssal Knight began the quest for the
                  | Orb.
     0 | Abyss:1  | Reached XP level 1. HP: 19/19 MP: 1/1
     1 | D:1      | Escaped the Abyss
   184 | D:1      | Reached skill level 4 in Fighting
   189 | D:1      | Got Son Boav's Octavo of the Evil Caves
   226 | D:1      | Reached XP level 2. HP: 14/27 MP: 2/2
   782 | D:1      | Reached XP level 3. HP: 34/34 MP: 3/3
   796 | D:1      | Reached *** piety under Lugonu
  1030 | D:2      | Noticed Sigmund
  1059 | D:2      | Killed from afar by Sigmund

Illustrated notes

Levels and vault maps discovered:
D:1:      lightli_arrival_isolated_outpost, layout_basic
D:2:      layout_loops_ring, shapermc_ecumenical_altar_ellora, uniq_sigmund,
          uniq_robin, uniq_natasha

Skill      XL: |  1  2  3 |
---------------+----------+-----
Fighting       | 4 |  4.5
Maces & Flails | 3 |  3.1
Armour         | |  2.7
Dodging        | |  1.6
Invocations    | |  1.8

Action                   || total
-------------------------++-------
Melee: Mace              ||    79
       Headbutt          ||     5
Invok: Bend Space        ||     1
  Use: Potion            ||     2
Armor: Leather armour    ||    33
Dodge: Dodged            ||    81
